 Dungeon Crawl Stone Soup version 0.18.1-50-g88ac8fd (webtiles) character file.

6379 simples the Covert (level 10, -1/51 HPs)
             Began as a Spriggan Enchanter on Sept 23, 2016.
             Was a Believer of Kikubaaqudgha.
             Killed from afar by an electric eel (13 damage)
             ... with a bolt of electricity
             ... on level 9 of the Dungeon.
             The game lasted 00:19:08 (9207 turns).

simples the Covert (Spriggan Enchanter)             Turns: 9207, Time: 00:19:09

Health: -1/51      AC:  3    Str:  4    XL:     10   Next: 65%
Magic:  6/23       EV: 28    Int: 18    God:    Kikubaaqudgha [**....]
Gold:   480        SH:  0    Dex: 22    Spells: 6 memorised, 11 levels left

rFire  . . .     SeeInvis +     u - +2 dagger (venom)
rCold  . . .     Gourm    .     b - +1 robe
rNeg   . . .     Faith    .     (shield restricted)
rPois  +         Spirit   .     (helmet restricted)
rElec  .         Dismiss  .     (no cloak)
rCorr  .         Reflect  .     (gloves unavailable)
SustAt .         Harm     .     (boots unavailable)
MR     +....                    m - amulet of magic regeneration
Stlth  ++++++....               s - ring of Cuewk {rPois Dex+3 SInv}
                                D - +3 ring of slaying

@: very quick, somewhat resistant to hostile enchantments, very stealthy
A: unfitting armour, see invisible, herbivore 3, speed 3, slow metabolism 2
a: Receive Corpses, Renounce Religion


You were on level 9 of the Dungeon.
You worshipped Kikubaaqudgha.
Kikubaaqudgha was pleased with you.
You were not hungry.

You visited 2 branches of the dungeon, and saw 10 of its levels.

You collected 480 gold pieces.

Inventory:

Hand Weapons
 u - a +2 dagger of venom (weapon)
 C - the +1 rapier "Lostra" {flame, *Drain Str+6}
   (You found it on level 6 of the Dungeon)

   It has been specially enchanted to burn those struck by it, causing extra
   injury to most foes and up to half again as much damage against particularly
   susceptible opponents.
   It affects your strength (+6).
   It causes draining when unequipped.
Armour
 b - a +1 robe (worn)
 H - a cursed +0 buckler
Jewellery
 m - an amulet of magic regeneration (around neck)
 s - the ring of Cuewk (right hand) {rPois Dex+3 SInv}
   (You found it on level 6 of the Dungeon)

   [ring of see invisible]

   It affects your dexterity (+3).
   It protects you from poison.
   It lets you see invisible.
 w - an uncursed ring of resist corrosion
 D - a +3 ring of slaying (left hand)
Wands
 y - a wand of polymorph (11/24)
 E - a wand of acid (8/15)
 F - a wand of slowing (16/48)
 K - a wand of digging (22/24)
Scrolls
 g - 4 scrolls of enchant weapon
 i - 3 scrolls of amnesia
 j - a scroll of recharging
 l - 6 scrolls of teleportation
 p - 2 scrolls of noise
 q - 4 scrolls of remove curse
 r - 5 scrolls of immolation
 x - a scroll of random uselessness {unknown}
 A - a scroll of blinking {unknown}
 B - 3 scrolls of magic mapping {unknown}
 G - 2 scrolls of identify
 J - a scroll of fog {unknown}
Potions
 a - 2 potions of lignification {unknown}
 e - 4 potions of degeneration {unknown}
 f - a potion of heal wounds {unknown}
 h - a potion of cancellation {unknown}
 k - 7 potions of curing
 n - 2 potions of agility {unknown}
 o - 2 potions of flight {unknown}
 t - a potion of ambrosia {unknown}
 I - a potion of mutation {unknown}
Books
 c - a book of Maledictions

   Spells                             Type                      Level
   a - Corona                         Hexes                        1
   b - Ensorcelled Hibernation        Hexes/Ice                    2
   c - Confuse                        Hexes                        3
   d - Tukima's Dance                 Hexes                        3
   e - Dazzling Spray                 Conjuration/Hexes            3
 z - Kikubaaqudgha's Papyrus of Stolen Souls
   (Kikubaaqudgha gifted it to you on level 5 of the Dungeon)

   Spells                             Type                      Level
   a - Animate Skeleton               Necromancy                   1
   b - Corpse Rot                     Necromancy                   2
   c - Sublimation of Blood           Necromancy                   2
   d - Regeneration                   Charms/Necromancy            3
   e - Control Undead                 Necromancy                   4
Comestibles
 d - 5 bread rations
 v - 2 slices of pizza


   Skills:
 + Level 5.0 Fighting
 + Level 6.8 Short Blades
 + Level 9.4 Dodging
 + Level 10.4 Stealth
 + Level 8.1 Spellcasting
 + Level 8.3 Hexes
 + Level 5.0 Necromancy


You had 11 spell levels left.
You knew the following spells:

 Your Spells              Type           Power        Failure   Level  Hunger
a - Corona                Hex            #####..      1%          1    None
b - Ensorcelled Hibernat  Hex/Ice        ###...       2%          2    None
c - Confuse               Hex            #####...     1%          3    #......
d - Control Undead        Necr           ####......   14%         4    ###....
e - Regeneration          Chrm/Necr      ###.......   12%         3    #......
f - Animate Skeleton      Necr           N/A          1%          1    None


Dungeon Overview and Level Annotations

Branches:
Dungeon (9/15)             Temple (1/1) D:6
   Lair: D:8-11         Orc: D:9-12

Altars:
Ashenzari
Cheibriados
Elyvilon
Fedhas
Gozag
Kikubaaqudgha
Makhleb
Nemelex Xobeh
Okawaru
Qazlal
Ru
Vehumet
Xom
Yredelemnul
Zin

Shops:
D:7 (


Innate Abilities, Weirdness & Mutations

You are tiny and cannot use many weapons and most armour.
You have supernaturally acute eyesight.
You are a herbivore.
You cover ground extremely quickly.
You need consume almost no food.


Message History

The electric eel completely resists.
The bolt of electricity hits you!
* * * LOW HITPOINT WARNING * * *
The hippogriff completely misses you. x2; The hippogriff claws you.
* * * LOW HITPOINT WARNING * * *
Read which item? (? for menu, Esc to quit)
Okay, then.
Drink which item? (? for menu, Esc to quit)
Okay, then.
Read which item? (? for menu, Esc to quit)
As you read the scroll labeled ZUUTOBLILI, it crumbles to dust.
It is a scroll of recharging.
Charge which item? (? for menu, Esc to quit)
Your wand of digging glows for a moment.
The hippogriff completely misses you.
The hippogriff pecks you but does no damage.
The hippogriff misses you.
The electric eel shoots out a bolt of lightning at you!
The bolt of electricity hits you!
You die...
Kikubaaqudgha rasps: "You have failed me!
Welcome... death!"

##.# #..$..## #.#....##
......... #.###..# .
#.#....#######.#
#######.#.##.........# #
#≈.≈.≈.....≈.≈@≈.≈.≈.≈
#.#.≈.≈.≈.≈.≈.≈.≈H≈.≈.≈.
#............≈.≈.;.≈.≈.≈
##.≈.≈.≈.≈.≈.≈.≈.≈.≈.≈.
#...<.≈.≈...≈.≈.≈.;.≈.≈
#..≈.≈.≈.≈.≈.≈.5.≈.≈.≈.
#.≈.≈.≈.≈.......≈.≈.≈.≈
#..≈.≈.≈?≈.≈.≈.≈.≈.≈.≈.
#.≈.≈.≈.≈.≈.≈...≈.≈.≈.≈


You could see a hippogriff, 2 electric eels and a crimson imp (confused).

Vanquished Creatures
  The ghost of spiff the Insei, a novice OpTm of Cheibriados (D:8)
  A hill giant (D:8)
  Prince Ribbit (D:5)
  Grum (D:8)
  7 yaks
  5 orc warriors
  2 sky beasts
  2 ice beasts
  A necrophage (D:8)
  A phantom (D:6)
  5 ogres
  4 wolves (D:8)
  3 centaurs (D:7)
  6 giant frogs
  A scorpion (D:4)
  5 killer bees
  4 wights (D:7)
  A howler monkey (D:4)
  An electric eel (D:9)
  2 crimson imps (D:7)
  A giant frog zombie (D:6)
  2 centaur skeletons
  7 hounds
  A giant frog skeleton (D:5)
  5 orc priests
  10 orc wizards
  8 worker ants
  A hound zombie (D:7)
  A hound skeleton (D:8)
  A worker ant zombie (D:8)
  A gnoll (D:1)
  A howler monkey skeleton (D:5)
  6 adders
  2 shadow imps
  An ooze (D:2)
  An adder zombie (D:6)
  2 worms (D:3)
  4 dart slugs
  11 giant geckos
  37 orcs
  9 bats
  6 giant cockroaches
  6 goblins
  8 hobgoblins
  5 quokkas
  2 ball pythons
  A giant gecko skeleton (D:4)
  10 giant newts
  7 kobolds
  2 quokka skeletons
  3 rats
216 creatures vanquished.

Vanquished Creatures (collateral kills)
  A plant (D:6)
1 creature vanquished.

Vanquished Creatures (others)
  An orc wizard (D:6)
  A quokka skeleton (D:6)
2 creatures vanquished.

Grand Total: 219 creatures vanquished

Notes
Turn   | Place    | Note
--------------------------------------------------------------
     0 | D:1      | simples the Spriggan Enchanter began the quest for the Orb.
     0 | D:1      | Reached XP level 1. HP: 9/9 MP: 5/5
   296 | D:1      | Reached XP level 2. HP: 13/13 MP: 6/6
   300 | D:1      | Learned a level 2 spell: Ensorcelled Hibernation
   591 | D:1      | Reached skill level 5 in Stealth
   591 | D:1      | Reached XP level 3. HP: 16/16 MP: 2/8
   596 | D:1      | Learned a level 3 spell: Confuse
  1515 | D:2      | Reached XP level 4. HP: 21/21 MP: 10/10
  1925 | D:3      | Found a faded altar to an unknown god.
  1930 | D:3      | Found a blossoming altar of Fedhas.
  2263 | D:3      | Found a radiant altar of Vehumet.
  2457 | D:4      | Reached skill level 1 in Fighting
  2457 | D:4      | Reached XP level 5. HP: 25/25 MP: 11/11
  2554 | D:4      | Found an ancient bone altar of Kikubaaqudgha.
  2588 | D:4      | Became a worshipper of Kikubaaqudgha
  2812 | D:4      | Reached skill level 6 in Stealth
  2887 | D:4      | Reached XP level 6. HP: 30/30 MP: 1/12
  2997 | D:4      | Reached skill level 5 in Dodging
  3363 | D:4      | Reached skill level 5 in Hexes
  3640 | D:5      | Entered Level 5 of the Dungeon
  4110 | D:5      | Reached skill level 1 in Necromancy
  4110 | D:5      | Reached XP level 7. HP: 35/35 MP: 6/14
  4393 | D:5      | Reached skill level 7 in Stealth
  4592 | D:5      | Noticed Prince Ribbit
  4767 | D:5      | Killed Prince Ribbit
  4767 | D:5      | Reached * piety under Kikubaaqudgha
  4767 | D:5      | Received a gift from Kikubaaqudgha
  4770 | D:5      | Identified Kikubaaqudgha's Papyrus of Stolen Souls (Kikubaaqudgha gifted it to you on level 5 of the Dungeon)
  4776 | D:5      | Learned a level 4 spell: Control Undead
  4780 | D:5      | Learned a level 3 spell: Regeneration
  4782 | D:5      | Learned a level 1 spell: Animate Skeleton
  4873 | D:6      | Found a staircase to the Ecumenical Temple.
  4951 | D:6      | Reached XP level 8. HP: 24/39 MP: 2/16
  4988 | Temple   | Entered the Ecumenical Temple
  5335 | D:6      | HP: 1/39 [poisoned by a killer bee]
  5760 | D:6      | Reached skill level 5 in Spellcasting
  5776 | D:6      | Got an iridescent rapier
  5777 | D:6      | Identified the cursed +1 rapier "Lostra" {flame, *Drain Str+6} (You found it on level 6 of the Dungeon)
  5789 | D:6      | Reached skill level 8 in Stealth
  6370 | D:6      | Found a shimmering altar of Xom.
  6396 | D:6      | Got a translucent wooden ring
  6553 | D:7      | Found Votwagao's Antique Weapon Boutique.
  6675 | D:7      | Found a stormy altar of Qazlal.
  6688 | D:7      | Reached XP level 9. HP: 19/44 MP: 14/18
  6692 | D:7      | Reached skill level 5 in Short Blades
  6915 | D:7      | Identified the ring of Cuewk {rPois Dex+3 SInv} (You found it on level 6 of the Dungeon)
  7266 | D:7      | You fall through a shaft for 2 floors!
  7284 | D:9      | Reached skill level 9 in Stealth
  7582 | D:8      | Noticed a hill giant
  7658 | D:8      | Killed a hill giant
  7960 | D:8      | Reached XP level 10. HP: 51/51 MP: 17/21
  7971 | D:8      | Found a sparkling altar of Nemelex Xobeh.
  8333 | D:7      | Reached ** piety under Kikubaaqudgha
  8414 | D:7      | Found a white marble altar of Elyvilon.
  8584 | D:8      | Noticed spiff's ghost (novice OpTm)
  8615 | D:8      | Killed spiff's ghost
  8615 | D:8      | Reached skill level 10 in Stealth
  8922 | D:8      | Noticed Grum
  8959 | D:8      | Killed Grum
  9021 | D:8      | Found a shattered altar of Ashenzari.
  9164 | D:9      | Reached skill level 5 in Fighting
  9164 | D:9      | Reached skill level 5 in Necromancy
  9207 | D:9      | Killed from afar by an electric eel

Skill      XL: |  1  2  3  4  5  6  7  8  9 10 |
---------------+-------------------------------+-----
Hexes          | 4 5 6 7 8 |  8.3
Stealth        | 5 6 7 8 9 10 | 10.4
Spellcasting   | 3 4 5 7 8 |  8.1
Dodging        | 4 5 6 7 8 9 |  9.4
Fighting       | 1 2 3 4 5 |  5.0
Short Blades   | 2 3 4 6 |  6.8
Necromancy     | 1 3 4 5 |  5.0

Action                   |  1- 3 |  4- 6 |  7- 9 | 10-12 || total
-------------------------+-------+-------+-------+-------++-------
Melee: Dagger            |   103 |   145 |   200 |   136 ||   584
       Rapier            |       |       |    20 |       ||    20
 Cast: Ensorcelled Hiber |    19 |    18 |     3 |     1 ||    41
       Corona            |     3 |       |       |       ||     3
       Confuse           |       |    32 |    99 |    57 ||   188
       Animate Skeleton  |       |       |     3 |       ||     3
  Use: Scroll            |       |       |     7 |     1 ||     8
       Potion            |       |       |     1 |       ||     1
 Stab: Sleeping          |    22 |    27 |     8 |    12 ||    69
       Confused          |       |     4 |    35 |    16 ||    55
       Distracted        |       |     1 |     2 |       ||     3
  Eat: Bread ration      |       |     1 |     2 |       ||     3
Armor: Robe              |    15 |    10 |    11 |     3 ||    39
Dodge: Dodged            |   114 |    93 |   195 |    98 ||   500
